 Dungeon Crawl Stone Soup version 0.31-a0-1172-g9944ec47dd (webtiles) character file.

Game seed: 5758141985344311782

102 bmb222 the Ruffian (level 4, 0/28 HPs)
             Began as an Octopode Shapeshifter on Dec 10, 2023.
             Slain by an orc
             ... wielding a +0 mace
              (5 damage)
             ... on level 3 of the Dungeon.
             The game lasted 00:01:36 (2067 turns).

bmb222 the Ruffian (Octopode Shapeshifter)          Turns: 2067, Time: 00:01:36

Health: 0/28       AC:  1    Str: 15    XL:     4   Next: 78%
Magic:  4/4        EV: 13    Int: 12    God:
Gold:   85         SH:  0    Dex: 17    Spells: 3/3 levels left

rFire   . .          .
                       - Unarmed
rCold   + . .        (no shield)
rNeg    . . .        (helmet currently unavailable)
rPois   .            (no amulet)
rElec   .            k - +6 ring of dexterity
rCorr   .            n - ring of protection from cold
SInv    .            (no ring)
Will    .....        (no ring)
Stlth   +++          (no ring)
HPRegen 0.24/turn    (no ring)
MPRegen 0.09/turn    (no ring)
                     (no ring)

%: no passive effects
@: beast-form
A: beast (slay +2), almost no armour, amphibious, 8 rings, camouflage 1,
gelatinous body 1, (nimble swimmer 1), tentacles
a: Begin Untransformation


You were on level 3 of the Dungeon.
You were a hulking beast.
You visited 1 branch of the dungeon, and saw 3 of its levels.

You collected 85 gold pieces.

Inventory:

Jewellery
 k - a +6 ring of dexterity (left tentacle)
 n - a ring of protection from cold (right tentacle)
Talismans
 b - a beast talisman
 c - a flux talisman
Wands
 j - a wand of polymorph (15)
Scrolls
 d - 2 scrolls of identify {unknown}
 h - a scroll of vulnerability {unknown}
 i - 2 scrolls of teleportation {unknown}
 m - a scroll of enchant armour {unknown}
Potions
 a - a potion of lignification
 e - 3 potions of heal wounds {unknown}
 f - 2 potions of attraction {unknown}
 g - 4 potions of curing {unknown}
 l - a potion of ambrosia {unknown}


   Skills:
 + Level 1.1 Fighting
 + Level 2.2 Dodging
 + Level 2.6 Stealth
 + Level 4.0 Unarmed Combat
 + Level 3.7 Shapeshifting


You had 3 spell levels left.
You didn't know any spells.
Your spell library contained the following spells:

 Spells                   Type           Power      Damage    Failure   Level
 Ensorcelled Hibernation  Hex/Ice        0%         N/A       45%         2
 Jinxbite                 Hex            0%         N/A       45%         2
 Stone Arrow              Conj/Erth      0%         3d7       69%         3
 Anguish                  Hex/Necr       0%         N/A       97%         4
 Lehudib's Crystal Spear  Conj/Erth      0%         10d2      100%        8
 Animate Armour           Summ/Erth      Unusable   N/A       N/A         4

Dungeon Overview and Level Annotations

Branches:
Dungeon (3/15)

Altars:

Shops:
D:1 [


Innate Abilities, Weirdness & Mutations

You are a hulking beast.
Your limbs bulge with bestial killing power. (Slay +2)
You cannot wear most types of armour.
You are amphibious.
You can wear up to eight rings at the same time.
Your skin changes colour to match your surroundings (Stealth+).
Your rubbery body absorbs attacks. (AC +1, EV +1)
((You are camouflaged when in or above water. (Stealth+)))
You have tentacles for arms and can constrict up to eight enemies at once.


Message History

Key pressed, stopping explore.
No target in view!
No target in view!
Found a faded altar of an unknown god.
No target in view!
g - 4 fizzy brown potions (gained 1)
e - 3 white potions (gained 1) 2 orcs come into view.
An orc is wielding a +2 trident of holy wrath.
An orc wizard comes into view. It is wielding a +0 dagger.
There are monsters nearby!
The orc shouts! x2
An orc comes into view. It is wielding a +0 dagger.
The orc wizard shouts!
There are monsters nearby!
There are monsters nearby!
The orc hits you with a +2 trident of holy wrath.
You closely miss the orc wizard. You grab the orc wizard.
You constrict the orc wizard. The orc hits you with a +0 mace.
The orc closely misses you.
The orc wizard hits you with a +0 dagger.
You tentacle-slap the orc wizard. You squeeze the orc wizard.
You kill the orc wizard!
The orc hits you with a +0 mace!
The orc hits you with a +2 trident of holy wrath.
* * * LOW HITPOINT WARNING * * *
Your Unarmed Combat skill increases to level 4!
You are too injured to fight recklessly!
You are too injured to fight recklessly!
You are too injured to fight recklessly!
You tentacle-slap the orc but do no damage.
You grab the orc.
You constrict the orc, but do no damage.
The orc hits you with a +0 mace.
* * * LOW HITPOINT WARNING * * *
The orc misses you. The orc closely misses you.
You bludgeon the orc!
You kill the orc!
The orc hits you with a +0 mace.
You die...

##.###.# #.# #
.##...##.# #.# ..#
.........# #.###...##
###...#### #.........
###.# ###.####.### #.#
##...#
###.###..######+##
###..._.....∩......##
#...............h)..#
#.#.............oo...#
#.#∩..8.....8.?♣......#
........................
###....................#
#∩..♣.....♣..∩.....##.
#.................##
#................## .∩..


You could see 2 orcs.

Vanquished Creatures
  An orc wizard (D:3)
  2 adders (D:2)
  2 worms
  2 dart slugs (D:2)
  An orc (D:3)
  12 ball pythons
  5 endoplasms
  4 giant cockroaches
  3 goblins
  5 hobgoblins
  2 quokkas (D:2)
  4 bats
  5 frilled lizards
  A kobold (D:2)
  5 rats
54 creatures vanquished.

Notes
Turn   | Place    | Note
-------+----------+-------------------------------------------
     0 | D:1      | bmb222 the Octopode Shapeshifter began the quest for the
                  | Orb.
     0 | D:1      | Reached XP level 1. HP: 13/13 MP: 1/1
   172 | D:1      | Reached XP level 2. HP: 18/18 MP: 2/2
   764 | D:1      | Found Dabecon's Antique Armour Shop.
   942 | D:2      | Reached skill level 1 in Stealth
   942 | D:2      | Reached XP level 3. HP: 23/23 MP: 3/3
  1261 | D:2      | Reached XP level 4. HP: 28/28 MP: 4/4
  2017 | D:3      | Found a faded altar of an unknown god.
  2066 | D:3      | Reached skill level 4 in Unarmed Combat
  2067 | D:3      | Slain by an orc

Illustrated notes

Levels and vault maps discovered:
D:1:      dpeg_arrival_leaves_temple_mockup, layout_loops_ring, serial_shops,
          nicolae_shop_peninsula
D:2:      layout_basic, minmay_close_crescents
D:3:      layout_loops_corners, hellmonk_ecumenical_altar_arch_garden,
          uniq_natasha, uniq_jessica

Skill      XL: |  1  2  3  4 |
---------------+-------------+-----
Stealth        | 1 2 |  2.6
Unarmed Combat | 4 |  4.0
Fighting       | |  1.1
Dodging        | |  2.2
Shapeshifting  | |  3.7

Action                     |  1- 3 |  4- 6 || total
---------------------------+-------+-------++-------
  Melee: Unarmed           |    64 |    32 ||    96
         Constrict         |    16 |    10 ||    26
         Tentacles         |    11 |     8 ||    19
         Punch             |     1 |       ||     1
   Stab: Sleeping          |    14 |     1 ||    15
 Armour: Skin              |    23 |    13 ||    36
  Dodge: Dodged            |    50 |    19 ||    69

Table legend: (Time is in decaauts)
 A = Elapsed time spent in this place.
 B = Non-inter-level travel time spent in this place.
 C = Inter-level travel time spent in this place.
 D = Time resting spent in this place.
 E = Time spent auto-exploring this place.
 F = Levels seen in this place.
 G = Mean time per level.
                   A        B        C        D        E       F      G
               +--------+--------+--------+--------+--------+-----+--------+
         Total |   2059 |   1962 |     97 |     33 |   1656 |   3 |  686.3 |
       Dungeon |   2059 |   1962 |     97 |     33 |   1656 |   3 |  686.3 |
               +--------+--------+--------+--------+--------+-----+--------+

Top non-repeatable levels by time:
     D:1: 829 daAuts
     D:2: 790 daAuts
     D:3: 438 daAuts
